 Dungeon Crawl Stone Soup version 0.17-a0-1945-gfe993df (webtiles) character file.

819 Ordine the Skirmisher (level 7, -4/53 HPs)
             Began as an Octopode Fighter on Oct 1, 2015.
             Slain by a hound (6 damage)
             ... while paralysed by Grinder
             ... on level 5 of the Dungeon.
             The game lasted 00:15:02 (3498 turns).

Ordine the Skirmisher (Octopode Fighter)            Turns: 3498, Time: 00:15:02

Health: -4/53      AC:  1    Str: 13    XL:     7   Next: 95%
Magic:  7/7        EV:  2    Int: 11    God:
Gold:   129        SH:  0    Dex: 13    Spells: 0 memorised, 6 levels left

rFire  . . .     SeeInvis .     f - +2 dagger (speed)
rCold  . . .     Clarity  .     b - +1 shield
rNeg   . . .     SustAt   .     (helmet restricted)
rPois  .         Gourm    .     (no amulet)
rElec  .         Spirit   .     i - +4 ring of slaying
rCorr  .         Warding  .     (no ring)
rMut   .         Stasis   .     (no ring)
MR     .....                    (no ring)
Stlth  +++.......               (no ring)
                                (no ring)
                                (no ring)
                                (no ring)

@: paralysed, not resistant to hostile enchantments, fairly stealthy
A: almost no armour, amphibious, 8 rings, constrict 8, camouflage 2,
regeneration 1, weak 1, gelatinous body 1, subdued magic 1
a: no special abilities


You were on level 5 of the Dungeon.
You were not hungry.

You visited 1 branch of the dungeon, and saw 5 of its levels.
You also visited: Sewer.

You collected 129 gold pieces.

Inventory:

Hand weapons
 a - a +1 long sword
 f - a +2 dagger of speed (weapon)
 u - a +1 dagger of freezing
Armour
 b - a +1 shield (worn)
Jewellery
 i - a +4 ring of slaying (left tentacle)
 k - an uncursed ring of teleportation
Scrolls
 m - 4 scrolls of remove curse
 o - 2 scrolls of blinking
 p - a scroll of enchant armour
 q - a scroll of amnesia
 r - a scroll of noise
 s - 3 scrolls of teleportation
 t - 2 scrolls of magic mapping
Potions
 c - 4 potions of might
 e - a potion of brilliance
 j - 3 potions of heal wounds
 l - a potion of curing {unknown}
 n - a potion of agility {unknown}
Comestibles
 d - 2 bread rations
 h - a slice of pizza
 v - 2 beef jerkies


   Skills:
 + Level 6.8 Fighting
 + Level 6.3 Long Blades
 - Level 3.0 Dodging
 - Level 3.0 Shields


You had 6 spell levels left.
You didn't know any spells.

Dungeon Overview and Level Annotations

Branches:
Dungeon (5/15)
 Temple: D:4-7

Altars:

Annotations:
D:5 Grinder


Innate Abilities, Weirdness & Mutations

You cannot wear most types of armour.
You are amphibious.
You can wear up to eight rings at the same time.
You can use your tentacles to constrict eight enemies at once.
Your skin blends seamlessly with your surroundings (Stealth).
Your rubbery body absorbs attacks (AC +1).
Your natural rate of healing is unusually fast.
You are weak. (Str -2)
Your spells are a little easier to cast, but a little less powerful.


Message History

You constrict Grinder. You block the hound's attack. Grinder gestures at you.
You suddenly lose the ability to move!
You lose your grip on Grinder.
The hound bites you.
Grinder gestures.
Grinder blinks!
The hound bites you. The hound barely misses you. Grinder gestures at you.
You struggle to resist.
The hound bites you.
* * * LOW HITPOINT WARNING * * *
Grinder gestures.
Grinder blinks!
The hound bites you.
* * * LOW HITPOINT WARNING * * *
The hound bites you.
* * * LOW HITPOINT WARNING * * *
The hound bites you.
* * * LOW HITPOINT WARNING * * *
The hound bites you.
You die...

.... .... .+
..... ..#
#...#+######...#
+........<...#
#............#
#+#..5......+
#..@h.....#
#.....###....
#.....# ....
#.....+ ....
#.....# ....
#.....# #.....+
......#


You could see Grinder and a hound.

Vanquished Creatures
  6 big kobolds (Sewer)
  2 orc priests (D:4)
  Ijyb (D:2)
  3 orc wizards (D:3)
  2 worker ants (D:4)
  A river rat (Sewer)
  7 adders
  2 oozes
  3 worms (Sewer)
  A giant gecko (D:4)
  20 orcs
  2 bats (D:2)
  7 giant cockroaches
  8 goblins
  12 hobgoblins
  4 jackals (D:2)
  11 kobolds
  3 quokkas
  8 ball pythons
  2 giant newts (D:1)
  14 rats
119 creatures vanquished.

Notes
Turn   | Place    | Note
--------------------------------------------------------------
     0 | D:1      | Ordine the Octopode Fighter began the quest for the Orb.
     0 | D:1      | Reached XP level 1. HP: 16/16 MP: 1/1
   242 | D:1      | Reached XP level 2. HP: 19/21 MP: 2/2
   247 | D:1      | Gained mutation: Your natural rate of healing is unusually fast. [potion of beneficial mutation]
   557 | D:2      | Reached XP level 3. HP: 26/26 MP: 3/3
   795 | D:2      | Reached XP level 4. HP: 30/33 MP: 4/4
   921 | D:2      | Noticed Ijyb
   928 | D:2      | Killed Ijyb
   928 | D:2      | Reached skill level 4 in Fighting
  1571 | D:3      | Reached XP level 5. HP: 37/37 MP: 5/5
  1699 | D:3      | Gained mutation: Your skin blends seamlessly with your surroundings (Stealth). [potion of mutation]
  1699 | D:3      | Gained mutation: You are weak. (Str -2) [potion of mutation]
  1699 | D:3      | Gained mutation: Your spells are a little easier to cast, but a little less powerful. [potion of mutation]
  2044 | D:3      | Reached skill level 5 in Fighting
  2044 | D:3      | Reached XP level 6. HP: 40/45 MP: 6/6
  2362 | D:4      | Found a glowing drain.
  2366 | Sewer    | Entered a sewer
  2425 | Sewer    | Reached skill level 5 in Long Blades
  2464 | Sewer    | Reached XP level 7. HP: 49/51 MP: 7/7
  2808 | Sewer    | Reached skill level 6 in Fighting
  3482 | D:5      | Entered Level 5 of the Dungeon
  3482 | D:5      | Noticed Grinder
  3485 | D:5      | Paralysed by Grinder for 3 turns
  3493 | D:5      | Paralysed by Grinder for 6 turns
  3498 | D:5      | HP: 2/53 [hound (6)]
  3498 | D:5      | Slain by a hound

Vault maps used:
D:1:      minmay_arrival_jagged
D:2:      grunt_ministairs_11, uniq_iyjb
D:3:      grunt_ministairs_11
D:4:      gup_sewer_entry_bowl, first_bread
D:5:      gammafunk_temple_overflow_elements, minmay_temple_entry_hall,
          fedhas_altar_2, uniq_grinder
Sewer:    sewer_co_tree

Action                   |  1- 3 |  4- 6 |  7- 9 || total
-------------------------+-------+-------+-------++-------
Melee: Long sword        |    47 |    74 |       ||   121
       Dagger            |       |    46 |    71 ||   117
  Use: Scroll            |    11 |     5 |     1 ||    17
       Potion            |     1 |     1 |       ||     2
 Stab: Sleeping          |     7 |    11 |    11 ||    29
  Eat: Chunk             |       |     5 |     3 ||     8
